 Dungeon Crawl Stone Soup version 0.28.0-53-g5a82cb258f (webtiles) character file.

Game seed: 10922858336127220103

1027 raph the Carver (level 8, 0/69 HPs)
             Began as a Minotaur Fighter on July 9, 2022.
             Slain by a hornet (8 damage)
             ... on level 5 of the Dungeon.
             The game lasted 00:06:43 (4979 turns).

raph the Carver (Minotaur Fighter)                  Turns: 4979, Time: 00:06:44

Health: 0/69       AC: 11    Str: 21    XL:     8   Next: 3%
Magic:  7/7        EV:  9    Int:  5    God:
Gold:   263        SH:  6    Dex: 12    Spells: 7/7 levels left

rFire   + . .      SeeInvis .   a - +2 long sword
rCold   . . .      Faith    .   c - +1 buckler
rNeg    . . .      Spirit   .   d - +1 scale mail {rF+}
rPois   .          Reflect  .   (helmet restricted)
rElec   .          Harm     .   r - +2 cloak
rCorr   .          Rampage  .   (no gloves)
Will    .....                   (no boots)
Stlth   ..........              (no amulet)
HPRegen 0.21/turn               (no ring)
MPRegen 0.10/turn               (no ring)

@: about to teleport, studying Shields
A: horns 2, retaliatory headbutt
a: no special abilities


You were on level 5 of the Dungeon.
You visited 1 branch of the dungeon, and saw 6 of its levels.

You collected 263 gold pieces.

Inventory:

Hand Weapons
 a - a +2 long sword (weapon)
 b - a +0 hunting sling
Missiles
 e - 2 javelins (quivered)
 l - 99 stones
 t - 6 poisoned darts
Armour
 c - a +1 buckler (worn)
 d - a +1 scale mail of fire resistance (worn)
 k - a +0 scale mail
 q - a +0 chain mail
 r - a +2 cloak (worn)
Jewellery
 g - an amulet of reflection
Wands
 o - a wand of acid (4)
Scrolls
 h - 2 scrolls of teleportation
 p - 2 scrolls of enchant weapon
 s - a scroll of amnesia
 w - a scroll of fog {unknown}
Potions
 f - a potion of curing
 i - a potion of lignification
 j - a potion of cancellation
 m - a potion of invisibility
 n - a potion of brilliance
 u - a potion of heal wounds {unknown}
 v - a potion of flight {unknown}


   Skills:
 - Level 5.4 Fighting
 + Level 9.1 Long Blades
 - Level 5.3 Armour
 - Level 6.3 Shields


You had 7 spell levels left.
You didn't know any spells.
Your spell library contained the following spells:

 Spells                   Type           Power      Damage    Failure   Level
 Pain                     Necr           0%         1d4       87%         1
 Hailstorm                Conj/Ice       0%         3d3       100%        4
 Ice Form                 Ice/Tmut       0%         N/A       100%        4
 Agony                    Necr           0%         N/A       100%        5
 Excruciating Wounds      Necr           0%         N/A       100%        5
 Simulacrum               Ice/Necr       0%         N/A       100%        6


Dungeon Overview and Level Annotations

Branches:
Dungeon (6/15)
 Temple: D:4-7

Altars:


Innate Abilities, Weirdness & Mutations

You have a pair of horns on your head.
You reflexively headbutt those who attack you in melee.


Message History

There is a stone staircase leading down here.
You climb downwards.
Found 13 gold pieces.
Found a stone staircase leading down.
There is a stone staircase leading up here.
Found a stone staircase leading up.
You now have 263 gold pieces (gained 13).
An ice beast comes into view.
The ice beast moves out of view.
Found an escape hatch in the floor.
A hornet comes into view.
The hornet buzzes angrily.
Things that are here:
a scroll labelled BISUD FAFO; a +0 scale mail
w - a scroll labelled BISUD FAFO The ice beast hits you.
The ice beast freezes you! The hornet stings you!
You feel yourself slow down.
You feel yourself speed up. The hornet stings you!
You feel yourself slow down.
A hound comes into view.
You block the hornet's attack. The ice beast hits you.
The ice beast freezes you!
The hound moves out of view.
You feel yourself speed up. The hornet stings you!
* * * LOW HITPOINT WARNING * * *
You feel yourself slow down.
There is a stone staircase leading up, spattered with blood here.
You feel yourself speed up. The hornet stings you.
* * * LOW HITPOINT WARNING * * *
You suddenly lose the ability to move!
The hornet stings you.
* * * LOW HITPOINT WARNING * * *
You feel yourself slow down.
You can move again.
You climb upwards.
You feel yourself speed up.
There is a stone staircase leading down here.
Okay, then.
As you read the scroll of teleportation, it crumbles to dust.
You feel strangely unstable. The hornet stings you!
You die...

.# #.# #.# #.#. .# ##### #.###
#.## .# #..(# #...# #.# .# #..(#
###.# #.# .# #...# #.# #.# .#
##)### #.# #.# .# #.#.# #.# #[#
.#### #...####.###### #.# ....#
###.....y@....# #.#
.##.###########.####.#########.#
)..........[...................#
'####................#########.##
....###.##########.#.########...#
..⌠.# #.# ##>...............
....###.# ##.#...#.#.##......
⌠...'.#.# #.##...............
....#...# ##.#.###........<..


You could see a hornet.

Vanquished Creatures
  Grinder (D:4)
  A necrophage (D:5)
  3 ogres
  2 centaurs
  2 jellies
  An orc priest (D:5)
  2 orc wizards (D:4)
  2 iguanas
  7 adders
  An adder zombie (D:5)
  2 worms (D:2)
  5 dart slugs
  8 orcs
  3 ball pythons
  2 endoplasms
  A giant cockroach (D:1)
  13 goblins
  5 hobgoblins
  11 kobolds
  4 quokkas
  5 bats
  3 frilled lizards (D:1)
84 creatures vanquished.

Notes
Turn   | Place    | Note
-------+----------+-------------------------------------------
     0 | D:1      | raph the Minotaur Fighter began the quest for the Orb.
     0 | D:1      | Reached XP level 1. HP: 19/19 MP: 0/0
   164 | D:1      | Reached XP level 2. HP: 27/27 MP: 1/1
   289 | D:1      | Reached skill level 3 in Long Blades
   352 | D:1      | Found a faded altar of an unknown god.
   881 | D:1      | Reached XP level 3. HP: 30/33 MP: 2/2
  1353 | D:2      | Reached XP level 4. HP: 32/40 MP: 3/3
  1540 | D:2      | Reached skill level 4 in Long Blades
  1719 | D:2      | Identified a scroll of acquirement
  1719 | D:2      | Acquired a manual of Shields
  2404 | D:4      | Noticed a centaur
  2409 | D:4      | Killed a centaur
  2410 | D:4      | Reached skill level 5 in Shields
  2410 | D:4      | Reached XP level 5. HP: 33/47 MP: 4/4
  2672 | D:4      | Noticed Grinder
  2678 | D:4      | Killed Grinder
  2679 | D:4      | Reached skill level 5 in Fighting
  2679 | D:4      | Reached skill level 5 in Long Blades
  2679 | D:4      | Reached skill level 5 in Armour
  2679 | D:4      | Reached XP level 6. HP: 25/56 MP: 5/5
  3183 | D:4      | Reached skill level 6 in Long Blades
  3183 | D:4      | Reached XP level 7. HP: 61/61 MP: 6/6
  3299 | D:5      | Entered Level 5 of the Dungeon
  3358 | D:5      | Reached skill level 7 in Long Blades
  4397 | D:5      | Reached skill level 8 in Long Blades
  4715 | D:5      | Reached skill level 9 in Long Blades
  4715 | D:5      | Reached XP level 8. HP: 67/69 MP: 7/7
  4968 | D:6      | Noticed a hornet
  4977 | D:6      | Paralysed by a hornet for 1 turns
  4979 | D:5      | Slain by a hornet

Illustrated notes

Levels and vault maps discovered:
D:1:      amcnicky_arrival_feature_with_door, layout_basic,
          shapermc_ecumenical_altar_mp_highgroup, nrook_campfire,
          minmay_split_cup_large
D:2:      minmay_wonky_spiral, layout_rooms, serial_rivers,
          chequers_serial_rivers_micro_c, chequers_serial_rivers_micro_d,
          chequers_serial_rivers_room_b, chequers_serial_rivers_micro_b,
          minmay_domino_2
D:3:      layout_rooms
D:4:      layout_gridville, grunt_ministairs_2, minmay_misc_feat_secret_circle,
          uniq_grinder
D:5:      layout_loops_ring, minmay_fountain_box, hangedman_decor_growths,
          minmay_ogre_servants
D:6:      layout_rooms

Skill      XL: |  1  2  3  4  5  6  7 |
---------------+----------------------+-----
Long Blades    | 3 4 5 6 9 |  9.1
Fighting       | 4 5 |  5.4
Armour         | 4 5 |  5.3
Shields        | 4 5 6 |  6.3

Action                   |  1- 3 |  4- 6 |  7- 9 || total
-------------------------+-------+-------+-------++-------
Melee: Long sword        |    67 |    57 |    56 ||   180
       Headbutt          |    13 |     9 |     6 ||    28
 Fire: Hunting sling     |       |     5 |    14 ||    19
  Use: Scroll            |     5 |     9 |     4 ||    18
       Potion            |       |     1 |     1 ||     2
Armor: Scale mail        |    26 |    24 |    18 ||    68
Dodge: Dodged            |    38 |    25 |    21 ||    84
Block: Buckler           |    11 |     4 |    13 ||    28
